 Dungeon Crawl Stone Soup version 0.31-a0-431-g88bdf31460 (webtiles) character file.

Game seed: 18422696262837495370

28651 floatRand the Brawler (level 13, -6/89 HPs)
             Began as a Green Draconian Shapeshifter on July 31, 2023.
             Was a High Priest of Wu Jian.
             Mangled by a cane toad (16 damage)
             ... on level 2 of the Lair of Beasts.
             The game lasted 00:21:33 (14516 turns).

floatRand the Brawler (DrSh)                       Turns: 14516, Time: 00:21:33

Health: -6/89      AC: 13    Str: 21    XL:     13   Next: 10%
Magic:  13/13      EV: 15    Int:  9    God:    Wu Jian [*****.]
Gold:   868        SH:  5    Dex: 15    Spells: 12/12 levels left

rFire   . .          .
                       - Unarmed
rCold   . . .        (no shield)
rNeg    . . .        (body armour unavailable)
rPois   +            K - +1 hat of Osoutt {Str+2}
rElec   .            F - +0 cloak
rCorr   .            s - +1 pair of gloves
SInv    +            d - +0 pair of boots
Will    +....        D - amulet of reflection
Stlth   +++          g - ring of willpower
HPRegen 0.34/turn    i - ring of see invisible
MPRegen 0.13/turn

%: reflection
@: short of breath, maw-form
A: devouring maw, breathe noxious fumes, AC +8, unfitting armour, poison
resistance, cold-blooded
a: Breathe Noxious Fumes, Begin Untransformation, Renounce Religion, Wall Jump,
Serpent's Lash, Heavenly Storm


You were on level 2 of the Lair of Beasts.
You worshipped Wu Jian.
Wu Jian was extremely pleased with you.
You were a creature with a mouth for a stomach.
You visited 3 branches of the dungeon, and saw 15 of its levels.
You also visited: Bailey.

You collected 868 gold pieces.

Inventory:

Missiles
 v - 5 throwing nets
Armour
 d - a +0 pair of boots (worn)
 s - a +1 pair of gloves (worn)
 F - a +0 cloak (worn)
 K - the +1 hat of Osoutt (worn) {Str+2}
   (You found it on level 1 of the Lair of Beasts)

   Str:       It affects your strength (+2).
Jewellery
 g - a ring of willpower (left hand)
 i - a ring of see invisible (right hand)
 n - a ring of flight
 p - an amulet of guardian spirit
 D - an amulet of reflection (around neck)
Talismans
 b - a beast talisman
 h - a serpent talisman
 k - a maw talisman (active)
Wands
 a - a wand of charming (13)
 u - a wand of polymorph (11)
 y - a wand of flame (16)
 G - a wand of digging (25)
 J - a wand of mindburst (5)
Scrolls
 f - 3 scrolls of poison
 o - 5 scrolls of teleportation
 q - 2 scrolls of enchant weapon
 t - 2 scrolls of enchant armour
 w - a scroll of fog
 B - 4 scrolls of revelation
 I - a scroll of blinking
 L - 2 scrolls of identify
Potions
 e - 8 potions of curing
 j - 5 potions of enlightenment
 l - 3 potions of cancellation
 m - 4 potions of haste
 r - 4 potions of heal wounds
 x - a potion of ambrosia {unknown}
 z - 2 potions of brilliance {unknown}
 A - 2 potions of magic
 C - a potion of might {unknown}
 E - 4 potions of mutation {unknown}
 H - a potion of lignification
Miscellaneous
 c - a phantom mirror


   Skills:
 - Level 1.1 Fighting
 + Level 6.8 Dodging
 - Level 6.6 Stealth
 * Level 15.8 Unarmed Combat
 + Level 2.3 Evocations
 * Level 11.1 Shapeshifting


You had 12 spell levels left.
You didn't know any spells.
Your spell library contained the following spells:

 Spells                   Type           Power      Damage    Failure   Level
 Apportation              Tloc           0%         N/A       38%         1
 Necrotise                Necr           0%         1d4       38%         1
 Summon Small Mammal      Summ           0%         N/A       38%         1
 Wereblood                Tmut           0%         N/A       52%         2
 Call Canine Familiar     Summ           0%         N/A       77%         3
 Gell's Gravitas          Tloc           0%         N/A       77%         3
 Summon Guardian Golem    Hex/Summ       0%         N/A       77%         3
 Teleport Other           Tloc           0%         N/A       77%         3
 Irradiate                Conj/Tmut      0%         3d11      100%        5
 Dispersal                Tloc           0%         N/A       100%        6


Dungeon Overview and Level Annotations

Branches:
Dungeon (12/15)            Temple (1/1) D:4            Lair (2/5) D:9
    Orc (0/2) D:10         Bailey (visited)
  Swamp: Lair:2-3    Shoals: Lair:2-3     Snake: Lair:2-3    Spider: Lair:2-3

Altars:
Ashenzari
Cheibriados
Dithmenos
Elyvilon
Fedhas
Gozag
Hepliaklqana
Kikubaaqudgha
Makhleb
Nemelex Xobeh
Okawaru
Qazlal
Ru
Sif Muna
Trog
Uskayaw
Vehumet
Wu Jian
Xom
Yredelemnul
Zin
The Shining One

Shops:
D:7 (   D:11 (

Portals:
Trove: D:10 (give 4 potions of resistance)

Annotations:
D:5 2 runed translucent doors
Lair:1 3 runed translucent doors, exclusion: oklob plant


Innate Abilities, Weirdness & Mutations

You are a creature with a mouth for a stomach.
Your midsection houses a second, enormous mouth.
You can breathe blasts of noxious fumes.
Your lurid green scales are hard. (AC +8)
You cannot fit into any form of body armour.
Your system is resistant to poisons. (rPois)
You are cold-blooded and may be slowed by cold attacks.


Message History

Unknown command.
You pummel the yak!! Your punch misses the yak.
You bite the yak, but do no damage.
The yak is almost dead.
The yak closely misses you.
You hit the yak.
You kill the yak!
The Council accepts your kill.
You are too injured to fight recklessly!
Unknown command.
Aiming: Breathe Noxious Fumes (2% risk of failure)
Press: ? - help, Shift-Dir - straight line You exhale a blast of noxious fumes.
The blast of choking fumes misses the cane toad.
The blast of choking fumes hits the yak.
The yak is lightly wounded.
The cane toad stings you!
* * * LOW HITPOINT WARNING * * *
The yak is engulfed in noxious fumes.
You pummel the cane toad!! Your punch misses the cane toad.
The cane toad is heavily wounded.
The cane toad stings you!
* * * LOW HITPOINT WARNING * * *
Unknown command.
Unknown command.
You barely miss the cane toad.
Your tail-slap misses the cane toad.
The cane toad is heavily wounded.
The yak is engulfed in noxious fumes.
The yak appears confused.
The yak gores the cane toad.
The yak barely misses itself.
The cane toad misses you.
Unknown command.
You hit the cane toad but do no damage. You punch the cane toad.
The cane toad is severely wounded.
The cane toad misses you.
Unknown command.
You hit the cane toad. You punch the cane toad.
You bite the cane toad, but do no damage.
The cane toad is severely wounded.
The cane toad stings you!
You die...

##.##..#.#PP#####P##.#..#P..
..........................
.........................
##......###+.###....#.# #
#......###.####.....##P.# ####
##......##.###......P....
#...# #.....##.#.###.<........
.....##....#...#.# #..........
#.....+......>.#W# #....#.....
#..........YYF## #..........
.#.##.....##..Y# ...Y.......
P+.+.##.....#.°.###........###
............#....#....#....#
............#....#...##..8..
...^.........#...##..#....
.............##...#.#....#
........................#


You could see 3 yaks and a cane toad.

Vanquished Creatures
  Harold (D:10)
  A hydra (Lair:2)
  5 boulder beetles
  4 death yaks (Lair:1)
  4 two-headed ogres
  Urug (D:10)
  A deep elf knight (D:10)
  2 orc knights (D:10)
  3 cyclopes (D:12)
  A manticore (D:11)
  Joseph (D:10)
  2 komodo dragons
  A kobold demonologist (D:11)
  3 cane toads (Lair:1)
  2 trolls (D:11)
  3 blink frogs (Lair:1)
  A tarantella (Lair:1)
  A jumping spider (Lair:1)
  A vampire (D:10)
  A shadow (D:10)
  3 spriggans (Bailey)
  A wraith (D:9)
  3 wyverns
  3 basilisks (Lair:1)
  32 yaks
  2 redbacks (Lair:1)
  2 steam dragons
  5 water moccasins
  3 ice beasts
  4 orc warriors
  A sky beast (D:6)
  2 black bears
  9 ogres
  A centaur (D:10)
  3 wolves (Lair:2)
  3 phantoms
  4 kobold brigands
  12 bullfrogs
  4 scorpions
  3 wights (D:7)
  12 killer bees
  8 howler monkeys
  A gnoll bouda (D:4)
  4 hounds
  2 orc priests
  2 jellies
  3 iguanas
  23 orc wizards
  4 sleepcaps
  11 gnolls
  5 adders
  A white imp (D:6)
  An ufetubus (D:5)
  2 dart slugs
  A worm (D:4)
  39 orcs
  10 ball pythons
  5 bats
  2 endoplasms
  3 giant cockroaches
  9 goblins
  2 hobgoblins
  7 jackals
  28 kobolds
  5 quokkas
  3 frilled lizards
  6 rats
338 creatures vanquished.

Notes
Turn   | Place    | Note
-------+----------+-------------------------------------------
     0 | D:1      | floatRand the Draconian Shapeshifter began the quest for
                  | the Orb.
     0 | D:1      | Reached XP level 1. HP: 16/16 MP: 1/1
   113 | D:1      | Reached XP level 2. HP: 23/23 MP: 2/2
   614 | D:2      | Reached XP level 3. HP: 28/28 MP: 3/3
   638 | D:2      | Reached skill level 4 in Unarmed Combat
  1292 | D:3      | Noticed a bullfrog
  1297 | D:3      | Killed a bullfrog
  1298 | D:3      | Reached XP level 4. HP: 26/35 MP: 4/4
  1568 | D:3      | Reached skill level 5 in Unarmed Combat
  1568 | D:3      | Reached XP level 5. HP: 40/40 MP: 5/5
  1795 | D:3      | Found a shadowy altar of Dithmenos.
  2172 | D:4      | HP: 1/60 [frozen (3)]
  2181 | D:4      | Reached XP level 6. HP: 15/47 MP: 6/6
  2362 | D:4      | Identified the +2 halberd of Laceration {heavy, rF+ Str+4}
  2405 | D:4      | Reached skill level 6 in Unarmed Combat
  2684 | D:4      | Found a staircase to the Ecumenical Temple.
  2717 | Temple   | Entered the Ecumenical Temple
  2735 | Temple   | Became a worshipper of the Wu Jian Council
  3004 | D:4      | Your scales start taking on a lurid green colour.
  3004 | D:4      | Reached XP level 7. HP: 21/52 MP: 7/7
  3004 | D:4      | Gained mutation: Your system is resistant to poisons.
                  | (rPois) [Green Draconian growth]
  3197 | D:4      | Reached skill level 7 in Unarmed Combat
  3334 | D:4      | Reached skill level 5 in Shapeshifting
  3485 | D:5      | Entered Level 5 of the Dungeon
  3710 | D:5      | Reached skill level 8 in Unarmed Combat
  3710 | D:5      | Reached XP level 8. HP: 40/59 MP: 4/8
  3875 | D:5      | Found a runed translucent door.
  3877 | D:5      | Found a runed translucent door.
  4037 | D:5      | Reached * piety under Wu Jian
  4622 | D:6      | Reached skill level 9 in Unarmed Combat
  4877 | D:6      | Found a sparkling altar of Nemelex Xobeh.
  5021 | D:6      | Reached skill level 10 in Unarmed Combat
  5024 | D:6      | Reached XP level 9. HP: 40/64 MP: 5/9
  5585 | D:7      | Found a shimmering altar of Xom.
  5588 | D:7      | Found a shimmering altar of Xom.
  5589 | D:7      | Found a shimmering altar of Xom.
  5680 | D:7      | Reached ** piety under Wu Jian
  6166 | D:7      | Found Tezeqi's Weapon Boutique.
  6182 | D:7      | Found a glowing golden altar of the Shining One.
  6182 | D:7      | Found a glowing silver altar of Zin.
  6225 | D:7      | Found a burning altar of Makhleb.
  6229 | D:7      | Found a bloodstained altar of Trog.
  6372 | D:8      | Reached skill level 11 in Unarmed Combat
  6995 | D:8      | Found a flagged portal.
  7009 | Bailey   | Entered a bailey
  7115 | Bailey   | Reached skill level 12 in Unarmed Combat
  7143 | Bailey   | Reached XP level 10. HP: 59/71 MP: 8/10
  7167 | Bailey   | Reached *** piety under Wu Jian
  7274 | Bailey   | Identified the +0 quarterstaff of the Dead {speed, rF+ rN+}
  7274 | Bailey   | Identified the +4 ice dragon scales of Intuq {-Tele rF-
                  | rC++ rN+ rCorr Int+4}
  7337 | Bailey   | Noticed a two-headed ogre
  7393 | Bailey   | Killed a two-headed ogre
  7477 | Bailey   | Identified the quicksilver dragon scales of Thoughtfulness
                  | {rPois Will+ Dex+4}
  7673 | D:8      | Identified the +11 whip of the Immovable Beds {freeze,
                  | *Slow rElec Int+6 Stlth+}
  8071 | D:9      | Reached skill level 13 in Unarmed Combat
  8361 | D:9      | Found a staircase to the Lair.
  8523 | D:10     | Entered Level 10 of the Dungeon
  8588 | D:10     | Found a portal to a secret trove of treasure.
  8617 | D:10     | Reached skill level 14 in Unarmed Combat
  8617 | D:10     | Reached XP level 11. HP: 66/77 MP: 11/11
  8630 | D:10     | Reached skill level 1 in Stealth
  9095 | D:10     | Found a staircase to the Orcish Mines.
  9100 | D:10     | Noticed Harold
  9100 | D:10     | Noticed a +4 triple sword
  9100 | D:10     | Noticed Joseph
  9100 | D:10     | Noticed Urug
  9349 | D:10     | Noticed an orc knight
  9363 | D:10     | Killed an orc knight
  9436 | D:10     | Noticed an orc knight
  9440 | D:10     | Killed Urug
  9797 | D:10     | Reached **** piety under Wu Jian
  9896 | D:10     | Killed an orc knight
 10032 | D:10     | Noticed a deep elf knight
 10062 | D:10     | Killed Joseph
 10191 | D:10     | Noticed a two-headed ogre
 10203 | D:10     | Killed a two-headed ogre
 10387 | D:10     | Killed a deep elf knight
 10510 | D:10     | Killed Harold
 10570 | D:11     | Found Muiziuto's Antique Weapon Boutique.
 10815 | D:11     | Noticed a boulder beetle
 10831 | D:11     | Killed a boulder beetle
 10859 | D:11     | Noticed a two-headed ogre
 10868 | D:11     | Killed a two-headed ogre
 11223 | D:11     | Noticed a boulder beetle
 11238 | D:11     | Killed a boulder beetle
 11239 | D:11     | Reached XP level 12. HP: 69/83 MP: 12/12
 11339 | D:11     | Reached skill level 10 in Shapeshifting
 11465 | D:11     | Reached skill level 5 in Dodging
 11465 | D:11     | Reached skill level 5 in Stealth
 11884 | D:12     | Noticed a two-headed ogre
 11894 | D:12     | Killed a two-headed ogre
 12011 | D:12     | Reached skill level 15 in Unarmed Combat
 12376 | Lair:1   | Entered Level 1 of the Lair of Beasts
 12452 | Lair:1   | Noticed a death yak
 12464 | Lair:1   | Noticed a death yak
 12466 | Lair:1   | Noticed a death yak
 12466 | Lair:1   | Noticed a death yak
 12495 | Lair:1   | Killed a death yak
 12507 | Lair:1   | Killed a death yak
 12623 | Lair:1   | Killed a death yak
 12634 | Lair:1   | Killed a death yak
 13004 | Lair:1   | Reached ***** piety under Wu Jian
 13281 | Lair:1   | Found a runed translucent door.
 13376 | Lair:1   | Reached skill level 1 in Evocations
 13793 | Lair:1   | Found a runed translucent gate.
 13794 | Lair:1   | Noticed a boulder beetle
 13795 | Lair:1   | Found a runed translucent gate.
 13795 | Lair:1   | Identified the +1 hat of Osoutt {Str+2}
 13818 | Lair:1   | Found a runed translucent gate.
 13818 | Lair:1   | Found a runed translucent gate.
 13818 | Lair:1   | Found a runed translucent gate.
 13818 | Lair:1   | Noticed a boulder beetle
 13818 | Lair:1   | Noticed a boulder beetle
 13819 | Lair:1   | Found a runed translucent gate.
 14079 | Lair:1   | Killed a boulder beetle
 14084 | Lair:1   | Killed a boulder beetle
 14128 | Lair:1   | Killed a boulder beetle
 14129 | Lair:1   | Reached XP level 13. HP: 51/89 MP: 13/13
 14516 | Lair:2   | Mangled by a cane toad

Illustrated notes

Levels and vault maps discovered:
D:1:      dpeg_arrival_rooms_c, layout_basic
D:2:      layout_basic, chequers_big_river
D:3:      layout_basic, mainiacjoe_overflow_alcove_4
D:4:      minmay_general_purpose_star, layout_rooms, minmay_temple_entry_statues
D:5:      lemuel_insect_pit, layout_layer_cave
D:6:      layout_basic, lemuel_tele_altar, grunt_ministairs_10,
          minmay_chambers_of_fives
D:7:      layout_rooms, nicolae_overflow_macrodata_refinement, xom_shifter_show,
          serial_shops, shop, hex_intersection
D:8:      layout_basic, enter_bailey_7
D:9:      layout_rooms, dpeg_oklobed_lair
D:10:     minmay_flawed_box, layout_irregular_city, orc_0_dummy, enter_trove_0,
          sword_in_stone
D:11:     layout_gridville, serial_shops, nicolae_stop_n_shop_2
D:12:     layout_loops_ring, minivault_23, grunt_decor_arrowhead
Temple:   nicolae_temple_superstar
Lair:1:   gammafunk_indiana_jones, layout_chaotic_city, minmay_lair_oklob_bushes
Lair:2:   lemuel_ratsnest, layout_regular_city, dummy_spider_entry,
          nicolae_quartered_pool_impasse, grunt_megastairs_4

Skill      XL: |  1  2  3  4  5  6  7  8  9 10 11 12 |
---------------+-------------------------------------+-----
Unarmed Combat | 4 5 6 8 10 12 14 15 | 15.8
Shapeshifting  | 4 5 6 7 9 11 | 11.1
Dodging        | 4 6 |  6.8
Stealth        | 4 6 |  6.6
Evocations     | 2 |  2.3
Fighting       | |  1.1

Action                     |  1- 3 |  4- 6 |  7- 9 | 10-12 | 13-15 || total
---------------------------+-------+-------+-------+-------+-------++-------
  Melee: Unarmed           |    98 |   159 |   248 |   465 |    40 ||  1010
         Tailslap          |     6 |    19 |    40 |    94 |     7 ||   166
         Punch             |     1 |     5 |    12 |    51 |     4 ||    73
         Maw               |       |       |       |   123 |     8 ||   131
Ability: Lunge             |       |     3 |    24 |    59 |     3 ||    89
         Breathe Noxious F |       |       |    22 |    42 |     1 ||    65
         Whirlwind         |       |       |     8 |     3 |     1 ||    12
  Evoke: Wand              |       |       |     7 |     2 |     3 ||    12
    Use: Potion            |       |     2 |       |     2 |       ||     4
         Scroll            |       |       |    14 |     5 |       ||    19
   Stab: Sleeping          |       |     2 |       |     8 |       ||    10
         Confused          |       |       |    11 |    44 |       ||    55
         Distracted        |       |       |       |     1 |     1 ||     2
 Armour: Skin              |    32 |    45 |    52 |    48 |     7 ||   184
  Dodge: Dodged            |    52 |    85 |   114 |   108 |    25 ||   384
  Block: Other             |       |       |       |    45 |    10 ||    55
         Reflection        |       |       |       |     2 |       ||     2
   Form: Maw               |       |       |       |     1 |       ||     1

Table legend: (Time is in decaauts)
 A = Elapsed time spent in this place.
 B = Non-inter-level travel time spent in this place.
 C = Inter-level travel time spent in this place.
 D = Time resting spent in this place.
 E = Time spent auto-exploring this place.
 F = Levels seen in this place.
 G = Mean time per level.
                   A        B        C        D        E       F      G
               +--------+--------+--------+--------+--------+-----+--------+
         Total |  14378 |  13959 |    419 |   2765 |   7436 |  16 |  898.6 |
       Dungeon |  11725 |  11358 |    367 |   1827 |   6611 |  12 |  977.1 |
        Temple |     34 |     18 |     16 |      0 |      0 |   1 |   34.0 |
          Lair |   2083 |   2048 |     35 |    707 |    791 |   2 | 1041.5 |
        Bailey |    535 |    535 |      0 |    231 |     34 |   1 |  535.0 |
               +--------+--------+--------+--------+--------+-----+--------+

Top non-repeatable levels by time:
  Lair:1: 1897 daAuts
    D:10: 1865 daAuts
     D:4: 1290 daAuts
     D:6: 1123 daAuts
     D:8: 1118 daAuts
    D:11: 1043 daAuts
     D:5: 1024 daAuts
     D:3: 850 daAuts
    D:12: 728 daAuts
     D:7: 697 daAuts
     D:2: 695 daAuts
     D:9: 689 daAuts
     D:1: 598 daAuts
  Bailey: 535 daAuts
  Lair:2: 185 daAuts
